 Dungeon Crawl Stone Soup version 0.24-a0-232-g49d9ff8 (webtiles) character file.

Game seed: 12565210847733248822

651234 Ijustatesigmund the Timeless (level 27, -4/191 HPs)
             Began as a Gnoll Fighter on Mar 28, 2019.
             Was a High Priest of Cheibriados.
             Slain by an ancient lich (12 damage)
             ... on level 5 of the Realm of Zot on Apr 4, 2019.
             The game lasted 04:19:09 (64708 turns).

Ijustatesigmund the Timeless (Gnoll Fighter)       Turns: 64708, Time: 04:19:11

Health: -4/191     AC: 32    Str: 30    XL:     27
Magic:  32/45      EV: 34    Int: 38    God:    Cheibriados [*****.]
Gold:   7195       SH: 34    Dex: 36    Spells: 17/62 levels left

rFire    + + +     SeeInvis .   t - +11 demon blade "Ysixki" {elec, Dex+4}
rCold    + . .     Gourm    .   c - +8 large shield of the Known World {rF+ rC+ rN+ rCorr}
rNeg     + . .     Faith    .   p - +7 fire dragon scales
rPois    +         Spirit   .   u - +2 hat {MR+}
rElec    .         Reflect  .   A - +2 cloak {rF+}
rCorr    +         Harm     .   V - +0 pair of gloves of Gatary {rC+ Str+2 Dex+3}
MR       +++..     Rnd*Rage +   K - +0 pair of boots of the Shoals {rPois rF- Int+7 Dex-2}
Stlth    +++++++...             q - amulet of Vitality {Regen+ HP+15}
HPRegen  0.00/turn              L - ring of wizardry
MPRegen  0.29/turn              R - +5 ring of protection

@: about to teleport, studying Dodging, very slow
A: distributed training, fangs 1, horns 1, repulsion field 1, berserk 1, blurry
vision 2, deformed body, dopey 1, frail 2, screaming 1, inhibited regeneration,
weak 2, strong nose
}: 3/15 runes: barnacled, silver, gossamer
a: Bend Time, Temporal Distortion, Slouch, Step From Time, Renounce Religion


You were on level 5 of the Realm of Zot.
You worshipped Cheibriados.
Cheibriados was extremely pleased with you.
You were not hungry.

You visited 10 branches of the dungeon, and saw 50 of its levels.
You visited the Abyss 3 times.
You visited 1 ziggurat, and saw 9 of its levels.
You also visited: Gauntlet, Ice Cave and Volcano.

You collected 8829 gold pieces.
You spent 1634 gold pieces at shops.

Inventory:

Hand Weapons
 t - the +11 demon blade "Ysixki" (weapon) {elec, Dex+4}
   (You found it on level 8 of the Dungeon)

   Occasionally, upon striking a foe, it will discharge some electrical energy
   and cause terrible harm.
   It affects your dexterity (+4).
 M - a +9 eveningstar of draining
 Q - a +9 morningstar of holy wrath
Missiles
 X - 2 poisoned javelins (quivered)
 Y - 7 throwing nets
Armour
 c - the +8 large shield of the Known World (worn) {rF+ rC+ rN+ rCorr}
   (You took it off Louise on level 2 of the Elven Halls)

   It protects you from fire.
   It protects you from cold.
   It protects you from negative energy.
   It provides partial protection from all sources of acid and corrosion.
 p - +7 fire dragon scales (worn)
 u - a +2 hat of magic resistance (worn)
 A - a +2 cloak of fire resistance (worn)
 D - the +5 scale mail "Duetemee" {+Blink rC+++ Str-3}
   (You found it on level 4 of the Shoals)

   It affects your strength (-3).
   It renders you almost immune to cold.
   It lets you blink.
 K - the +0 pair of boots of the Shoals (worn) {rPois rF- Int+7 Dex-2}
   (You found it on level 5 of the Depths)

   It affects your intelligence (+7).
   It affects your dexterity (-2).
   It makes you vulnerable to fire.
   It protects you from poison.
 V - the +0 pair of gloves of Gatary (worn) {rC+ Str+2 Dex+3}
   (You found it on level 4 of a ziggurat)

   It affects your strength (+2).
   It affects your dexterity (+3).
   It protects you from cold.
Jewellery
 e - an uncursed ring of protection from cold
 q - the amulet of Vitality (around neck) {Regen+ HP+15}
   (You found it on level 5 of the Vaults)

   [amulet of regeneration]

   It affects your health (+15).
   It increases your rate of regeneration.
 z - the ring of Ybricua {rElec rC+ MR+ Dex+2}
   (You took it off a deep elf high priest on level 3 of the Elven Halls)

   [ring of dexterity]

   It affects your dexterity (+2).
   It protects you from cold.
   It insulates you from electricity.
   It affects your resistance to hostile enchantments.
 B - a +3 ring of evasion
 L - a ring of wizardry (left hand)
 N - an uncursed ring of positive energy
 P - the amulet "Nacliod" {Reflect rC- MR+ Dex+5 SH+4}
   (You found it on level 1 of the Depths)

   [amulet of reflection]

   It shields you and reflects attacks.
   It affects your dexterity (+5).
   It makes you vulnerable to cold.
   It affects your resistance to hostile enchantments.
   It affects your SH (+4).
 R - a +5 ring of protection (right hand)
Wands
 r - a wand of digging (16)
 s - a wand of iceblast (32)
 w - a wand of acid (13)
 S - a wand of scattershot (4)
 W - a wand of clouds (12)
Scrolls
 b - 22 scrolls of remove curse
 h - 21 scrolls of fear
 k - 14 scrolls of teleportation
 n - a scroll of silence
 o - 2 scrolls of summoning
 x - 5 scrolls of holy word
 y - 3 scrolls of immolation
 C - 10 scrolls of amnesia
 E - 10 scrolls of fog
 G - 11 scrolls of blinking
 H - 19 scrolls of identify
 U - 13 scrolls of magic mapping
Potions
 d - 8 potions of flight
 g - a potion of magic
 i - 7 potions of resistance
 j - 11 potions of curing
 l - 12 potions of brilliance
 m - 3 potions of cancellation
 v - 4 potions of agility
 F - 8 potions of might
 I - a potion of heal wounds
 J - 4 potions of mutation
 T - 2 potions of invisibility
 Z - 6 potions of haste
Books
 a - a manual of Dodging
Miscellaneous
 O - 4 phantom mirrors
Comestibles
 f - 68 rations


   Skills:
 + Level 19.1 Fighting
 + Level 18.3 Short Blades
 + Level 18.3 Long Blades
 + Level 18.7 Axes
 + Level 18.3 Maces & Flails
 + Level 18.3 Polearms
 + Level 18.3 Staves
 + Level 18.3 Slings
 + Level 18.3 Bows
 + Level 18.3 Crossbows
 + Level 18.3 Throwing
 + Level 19.1 Armour
 + Level 19.3 Dodging
 + Level 18.3 Stealth
 + Level 19.1 Shields
 + Level 18.3 Unarmed Combat
 + Level 18.3 Spellcasting
 + Level 15.8 Conjurations
 + Level 15.8 Hexes
 + Level 15.8 Charms
 + Level 15.8 Summonings
 + Level 15.8 Necromancy
 + Level 15.8 Translocations
 + Level 15.8 Transmutations
 + Level 15.8 Fire Magic
 + Level 15.8 Ice Magic
 + Level 15.8 Air Magic
 + Level 15.8 Earth Magic
 + Level 15.8 Poison Magic
 + Level 19.7 Invocations
 + Level 18.3 Evocations


You had 17 spell levels left.
You knew the following spells:

 Your Spells              Type           Power        Failure   Level  Hunger
a - Magic Dart            Conj           ####         0%          1    None
b - Freezing Cloud        Conj/Ice/Air   ########..   1%          6    None
c - Conjure Flame         Conj/Fire      ########     0%          3    None
d - Portal Projectile     Hex/Tloc       ######       0%          3    None
e - Summon Butterflies    Summ           ########     0%          1    None
f - Apportation           Tloc           ######       0%          1    None
g - Lesser Beckoning      Tloc           ########..   0%          3    None
h - Yara's Violent Unrav  Hex/Tmut       ########..   1%          5    None
i - Inner Flame           Hex/Fire       ########     0%          3    None
j - Controlled Blink      Tloc           N/A          12%         8    ####...
k - Statue Form           Tmut/Erth      ########.    1%          6    None
l - Blade Hands           Tmut           ########..   1%          5    None

Your spell library contained the following spells:

 Spells                   Type           Power        Failure   Level  Hunger
 Beastly Appendage        Tmut           ######       0%          1    None
 Confusing Touch          Hex            ######       0%          1    None
 Corona                   Hex            #######      0%          1    None
 Flame Tongue             Conj/Fire      #####        0%          1    None
 Infusion                 Chrm           ####         0%          1    None
 Sandblast                Erth           ######       0%          1    None
 Shock                    Conj/Air       ####         0%          1    None
 Sting                    Conj/Pois      ####         0%          1    None
 Corpse Rot               Necr           N/A          0%          2    None
 Ensorcelled Hibernation  Hex/Ice        ######       0%          2    None
 Passwall                 Tmut/Erth      ########     0%          2    None
 Poisonous Vapours        Pois/Air       ######       0%          2    None
 Searing Ray              Conj           ######       0%          2    None
 Sticks to Snakes         Tmut           ########     0%          2    None
 Sublimation of Blood     Necr           ########..   0%          2    None
 Swiftness                Chrm/Air       ########     0%          2    None
 Throw Flame              Conj/Fire      ######       0%          2    None
 Call Canine Familiar     Summ           ########     0%          3    None
 Confuse                  Hex            ########     0%          3    None
 Dazzling Spray           Conj/Hex       ######       0%          3    None
 Gell's Gravitas          Tloc           ########..   0%          3    None
 Mephitic Cloud           Conj/Pois/Air  ########     0%          3    None
 Spider Form              Tmut/Pois      ########..   0%          3    None
 Static Discharge         Conj/Air       ########     0%          3    None
 Stone Arrow              Conj/Erth      ######       0%          3    None
 Teleport Other           Tloc           ########     0%          3    None
 Tukima's Dance           Hex            ########     0%          3    None
 Airstrike                Air            ########..   1%          4    None
 Force Lance              Conj/Tloc      ########     1%          4    None
 Fulminant Prism          Conj/Hex       ########..   1%          4    None
 Ice Form                 Ice/Tmut       ########     1%          4    None
 Iskenderun's Mystic Bla  Conj           ########     1%          4    None
 Leda's Liquefaction      Hex/Erth       ########..   1%          4    None
 Olgreb's Toxic Radiance  Pois           ########     1%          4    None
 Passage of Golubria      Tloc           N/A          1%          4    None
 Petrify                  Tmut/Erth      ########     1%          4    None
 Sticky Flame             Conj/Fire      ########     1%          4    None
 Summon Ice Beast         Ice/Summ       ########     1%          4    None
 Agony                    Necr           ########     1%          5    None
 Alistair's Intoxication  Tmut/Pois      ########     1%          5    None
 Bolt of Draining         Conj/Necr      ########..   1%          5    None
 Dispel Undead            Necr           ########     1%          5    None
 Excruciating Wounds      Chrm/Necr      ########..   1%          5    None
 Fireball                 Conj/Fire      ########..   1%          5    None
 Lee's Rapid Deconstruct  Erth           ########..   1%          5    None
 Lightning Bolt           Conj/Air       ########..   1%          5    None
 Metabolic Englaciation   Hex/Ice        ########..   1%          5    None
 Summon Forest            Summ/Tloc      ########..   1%          5    None
 Summon Mana Viper        Hex/Summ       ########     1%          5    None
 Venom Bolt               Conj/Pois      ########..   1%          5    None
 Dispersal                Tloc           ########..   1%          6    None
 Hydra Form               Tmut           ########..   1%          6    None
 Invisibility             Hex            ########     1%          6    None
 Haunt                    Necr/Summ      ########..   1%          7    #......
 Malign Gateway           Summ/Tloc      ########..   1%          7    #......
 Monstrous Menagerie      Summ           ########..   1%          7    #......
 Summon Greater Demon     Summ           ########..   1%          7    #......
 Summon Hydra             Summ           ########..   1%          7    #......
 Borgnjor's Revivificati  Necr           ########..   12%         8    ####...
 Death's Door             Chrm/Necr      ########..   12%         8    ####...
 Disjunction              Tloc           ########..   12%         8    ####...
 Ignition                 Fire           ########..   12%         8    ####...
 Infestation              Necr           ########..   12%         8    ####...
 Necromutation            Tmut/Necr      ########..   12%         8    ####...
 Summon Horrible Things   Summ           ########..   12%         8    ####...
 Shatter                  Erth           ########..   86%         9    ######.
 Tornado                  Air            ########..   86%         9    ######.


Dungeon Overview and Level Annotations

Branches:
Dungeon (15/15)            Temple (1/1) D:4            Lair (6/6) D:9
 Shoals (4/4) Lair:3       Spider (4/4) Lair:2        Slime (0/5) Lair:5
    Orc (2/2) D:11            Elf (3/3) Orc:2        Vaults (5/5) D:13
  Crypt (0/3) Vaults:3     Depths (5/5) D:15            Zot (5/5) Depths:5

Altars:
Ashenzari
Cheibriados
Dithmenos
Elyvilon
Fedhas
Gozag
Hepliaklqana
Kikubaaqudgha
Makhleb
Nemelex Xobeh
Okawaru
Qazlal
Ru
Sif Muna
Trog
Uskayaw
Vehumet
Wu Jian
Xom
Yredelemnul
Zin
The Shining One
Jiyva

Shops:
Orc:2 *([=:   Vaults:2 (   Vaults:4 }   Depths:1 =}=   Depths:2 (   Depths:5 =

Portals:
Hell: Depths:1 Depths:2 Depths:3 Depths:4 Depths:5
Abyss: Depths:4
Pandemonium: Depths:1 Depths:3 Depths:5
Trove: Elf:2 (give 8 potions of haste)


Innate Abilities, Weirdness & Mutations

Your experience applies equally to all skills.
You have very sharp teeth.
Your uncanny sense of smell can sniff out nearby items.
You have a pair of small horns on your head.
You are surrounded by a mild repulsion field. (EV +2)
You tend to lose your temper in combat.
Scrolls take you longer to read.
Armour fits poorly on your strangely shaped body.
You are dopey. (Int -2)
You are very frail. (-20% HP)
You occasionally shout uncontrollably at your foes.
You do not regenerate when monsters are visible.
You are very weak. (Str -4)


Message History

* * * LOW HITPOINT WARNING * * *
You hear a roar!
Lightning arcs down from a storm cloud!
Evoke which item? (* to show all) (? for menu, Esc to quit)
Aiming: Cloud Cone
Press: ? - help, Dir - move target cursor, f - Orb Guardian, p - moth of wrath
Aim: an Orb Guardian (moderately wounded)
You create a blast of freezing vapour!
You block the Orb Guardian's attack. x2
The Orb Guardian is engulfed in freezing vapours. x2
The moth of wrath is struck by lightning.
You kill the moth of wrath!
Cheibriados thoroughly appreciates the change of pace.
The Orb Guardian is engulfed in freezing vapours.
You block the Orb Guardian's attack. The Orb Guardian hits you!
* * * LOW HITPOINT WARNING * * *
The Killer Klown is struck by lightning.
The Killer Klown blinks!
The Killer Klown is engulfed in freezing vapours.
Something touches you!
You die...

.............### ###...
##▓▓▓▓▓▓▓▓▓▓▓# #▓▓▓ .,,,,,,,,****
*** ..,,,,,,,,,,*** ***,,
.,,,,,,,,,,,,,** **,,,,
,,,,,,,,,,,,,,,* *▓▓▓▓▓▓** *,,,,,
,,,,,,,,,,,,,,,**▓..§§§%,***∆,,,,
,,,,,,,,,,,,,,,▓▓Xp§§§§.,,**,,,,,
,,,,,,,,,,,,,,,▓@XX2X§§.,,,*,,,,,
,,,,,,,,,...§§XXX.§§§§§.,,,,,,,,,
,,,,,,,,,.§§§§§▓.X..§§§.,,,*,,,,,
,,,,,,,,,.§§§§.▓▓.......,,**,,,,,
,,,,,,,,,.§§§.,**▓......,***,,,,,
,,,,,,,,,.§§..,* *▓▓▓▓▓▓** *,,,,,
,,,,,,,,,.§..,** **,,,,
,,,,,,,,,...▓** ***,,
,,,,,,,,,**** ***


You could see a Killer Klown, 8 Orb Guardians and a shadow demon.

Vanquished Creatures
  5 orbs of fire (Zot:5)
  2 ancient liches (Zot:5)
  Boris (Depths:4)
  Bai Suzhen (Depths:1)
  A Killer Klown (Zot:5)
  Saint Roka (Vaults:4)
  Frederick (Vaults:3)
  3 curse toes
  8 golden dragons
  7 caustic shrikes
  Nikola (Spider:3)
  A profane servitor (Depths:5)
  2 bone dragons
  2 Tzitzimimeh
  2 electric golems
  A hellephant (Abyss:3)
  5 liches
  A deep elf blademaster (Elf:3)
  13 tentacled monstrosities
  4 titans
  10 quicksilver dragons
  16 Orb Guardians (Zot:5)
  2 acid blobs (Zig:8)
  An ancient champion (Vaults:3)
  8 sphinxes
  10 death cobs
  3 tentacled starspawn
  A kraken (Shoals:1)
  Gastronok (Lair:3)
  12 storm dragons
  Donald (Vaults:1)
  11 tengu reavers
  17 shadow dragons
  6 draconian monks
  2 revenants (Zig:6)
  A draconian scorcher (Zot:1)
  2 azure jellies (Zig:8)
  11 frost giants
  10 fire giants
  A balrug (Depths:1)
  4 draconian knights
  12 vault wardens
  2 iron dragons
  5 deep elf sorcerers
  Louise (Elf:2)
  3 orc warlords
  A curse skull (Zig:6)
  6 emperor scorpions
  3 draconian shifters
  7 draconian stormcallers
  7 deep elf elementalists (Elf:3)
  11 ghost moths
  21 stone giants
  22 ironheart preservers
  5 entropy weavers
  17 very ugly things
  4 spriggan defenders
  2 ghouls
  9 draconian annihilators
  2 war gargoyles
  10 green draconians
  5 vampire knights
  7 deep elf demonologists
  A minotaur (Gauntlet)
  The ghost of Lanoc the Basher, a journeyman TrBe of Trog (D:13)
  6 black draconians
  A corrupter (Zig:9)
  11 yellow draconians
  The ghost of yojik the Fighter, a journeyman HaBe of Trog (D:14)
  9 purple draconians
  Azrael (D:12)
  10 red draconians
  15 deep elf annihilators
  6 white draconians
  8 spark wasps
  2 pearl dragon zombies (Depths:5)
  13 fire dragons
  6 deep elf death magi
  10 ettins
  4 merfolk impalers
  6 deep elf high priests
  Josephine (D:12)
  4 merfolk javelineers (Shoals:4)
  13 yaktaur captains
  4 jiangshi
  A rakshasa (Depths:1)
  12 great orbs of eyes
  44 vault guards
  Erolcha (D:10)
  6 spriggan air magi
  5 hydras
  10 ice dragons
  2 merfolk avatars (Shoals:4)
  3 merfolk aquamancers
  24 dancing weapons
  3 alligator snapping turtles
  6 centaur warriors
  12 ogre magi
  4 death knights
  2 death scarabs (Gauntlet)
  33 two-headed ogres
  9 deep troll shamans
  6 tengu warriors
  3 deep troll earth magi
  3 vampire magi
  6 orc high priests
  7 spriggan berserkers
  3 hell hogs (Depths:5)
  5 thrashing horrors
  2 sun demons (Depths:1)
  2 wretched stars (Abyss:3)
  2 skeletal warriors (Depths:3)
  21 slime creatures
  28 deep elf knights
  Nergalle (Lair:1)
  3 shadow wraiths (Depths:3)
  A spatial maelstrom (Abyss:4)
  2 sixfirhies (Abyss:3)
  2 death drakes
  6 iron trolls
  2 titan skeletons
  3 unseen horrors
  11 glowing orange brains
  7 sea snakes
  22 deep trolls
  A deep troll (shapeshifter) (Vaults:1)
  3 hell knights
  A shadow demon (Zig:9)
  7 flayed ghosts
  12 phantasmal warriors
  6 wizards
  3 starcursed masses
  2 spectral hydras (Depths:3)
  11 deep elf archers
  25 ironbrand convokers
  A shadow dragon zombie (Vaults:3)
  2 orange crystal statues (Depths:3)
  9 harpies
  10 necromancers
  A stone giant zombie (Vaults:3)
  3 mana vipers (Depths:3)
  19 orb spiders
  25 orc knights
  4 orc sorcerers
  42 ugly things
  A frost giant zombie (Vaults:3)
  69 deep elf magi
  5 cyclopes
  A spectral alligator snapping turtle (Shoals:3)
  2 worldbinders
  39 wolf spiders
  A shining eye (Gauntlet)
  4 fauns
  2 orb spiders (shapeshifter)
  12 manticores
  2 oklob plants (Spider:1)
  A guardian serpent (shapeshifter) (Elf:1)
  2 frost giant skeletons (Vaults:3)
  9 merfolk sirens
  22 moths of wrath
  2 black mambas
  A rust devil (Zig:3)
  2 stone giant skeletons
  2 apocalypse crabs
  4 apis skeletons (Depths:5)
  A centaur zombie (D:15)
  A black mamba (shapeshifter) (Vaults:3)
  23 vault sentinels
  2 eyes of devastation (Zig:8)
  A fire giant skeleton (Depths:1)
  A water nymph (shapeshifter) (Vaults:4)
  2 ice statues (IceCv)
  4 water nymphs
  A torpor snail (Spider:4)
  7 smoke demons
  15 spiny frogs
  2 orange demons (Abyss:2)
  2 minotaur zombies (Gauntlet)
  2 yaktaur zombies (Depths:1)
  A kobold demonologist (Abyss:3)
  3 spiny frogs (shapeshifter)
  48 yaktaurs
  12 freezing wraiths
  4 rime drakes
  A komodo dragon (shapeshifter) (Depths:1)
  13 demonic crawlers
  3 spectral merfolk
  A yaktaur skeleton (Depths:1)
  9 komodo dragons
  3 hellwings (Abyss:3)
  6 ancient zymes
  2 ice devils (Orc:2)
  14 trolls
  36 jumping spiders
  3 meliai (Spider:2)
  2 wind drakes
  4 tengu conjurers
  5 polar bears (Lair:6)
  A queen bee (Spider:2)
  21 hornets
  16 merfolk
  A wind drake (shapeshifter) (Depths:3)
  Grinder (D:4)
  2 spectral manticores (Shoals:3)
  7 dream sheep
  8 blink frogs
  A hippogriff (shapeshifter) (Vaults:5)
  14 hippogriffs
  An ice dragon zombie (Depths:1)
  13 raiju
  2 raiju (shapeshifter)
  A spectral dream sheep (Gauntlet)
  A meliai zombie (D:10)
  7 snapping turtles
  A deep troll zombie (Zig:3)
  A fire dragon zombie (Depths:1)
  2 ettin zombies
  A fire giant simulacrum (Vaults:4)
  3 shadows
  4 ynoxinuls
  6 air elementals
  A spriggan (shapeshifter) (Depths:1)
  A fire dragon skeleton (Zig:3)
  A flying skull (Zig:5)
  A spectral wind drake (Shoals:3)
  A spriggan skeleton (Depths:1)
  38 tarantellas
  3 vampires (Depths:3)
  61 redbacks
  9 large abominations
  A wyvern (shapeshifter) (Depths:5)
  41 yaks
  3 hogs (D:11)
  Sigmund (D:6)
  25 spriggans
  7 wyverns
  19 humans
  4 basilisks
  A yak (shapeshifter) (Depths:1)
  5 fire elementals
  22 water elementals
  17 wraiths
  A human (shapeshifter) (Vaults:2)
  3 hungry ghosts
  A golden eye (Gauntlet)
  2 golden eyes (shapeshifter)
  Eustachio (D:4)
  2 ettin skeletons
  A sea snake simulacrum (Shoals:3)
  2 spectral komodo dragons (Gauntlet)
  2 chaos spawn
  2 vampire mosquitoes (D:13)
  5 neqoxecs
  3 spatial vortices (Abyss:4)
  20 wargs
  7 small abominations
  2 acid dragons
  A soldier ant (D:13)
  A soldier ant (shapeshifter) (Vaults:2)
  A hydra simulacrum (Depths:3)
  A spectral spriggan (Depths:3)
  14 hell hounds
  2 spectral trolls (Depths:3)
  14 water moccasins
  8 porcupines
  2 deep troll skeletons
  2 floating eyes
  65 orc warriors
  A sky beast (shapeshifter) (Vaults:1)
  7 black bears
  A necrophage (D:6)
  10 ice beasts
  6 sky beasts
  An ettin simulacrum (Vaults:3)
  38 ogres
  2 phantoms
  13 boggarts
  A snapping turtle zombie (Depths:3)
  20 wolves
  18 centaurs
  2 wind drake simulacra (Shoals:3)
  12 crocodiles
  2 big kobolds
  16 bullfrogs
  Blork the orc (D:4)
  A human zombie (Vaults:3)
  6 earth elementals
  A merfolk simulacrum (Shoals:3)
  A wyvern zombie (D:10)
  A deep troll simulacrum (Vaults:3)
  2 wyvern skeletons (D:11)
  2 scorpions (D:10)
  A spectral naga (Depths:3)
  2 spectral ogres (Depths:3)
  A tengu zombie (Depths:1)
  30 killer bees
  19 wights
  An electric eel (Lair:1)
  10 jellies
  4 spectral centaurs (Depths:3)
  12 crimson imps
  A hippogriff simulacrum (Shoals:3)
  8 hounds
  2 human simulacra
  A bullfrog zombie (D:9)
  32 orc priests
  32 orc wizards
  7 centaur skeletons
  3 bullfrog skeletons
  5 iguanas
  An iguana (shapeshifter) (D:13)
  A spriggan simulacrum (Depths:3)
  6 worker ants
  A hound zombie (D:10)
  A hound skeleton (D:8)
  A worker ant zombie (D:5)
  Robin (D:4)
  13 adders
  5 shadow imps
  A white imp (Abyss:3)
  3 oozes
  An adder zombie (D:5)
  3 worms
  3 dart slugs
  5 leopard geckos
  An orc (shapeshifter) (D:13)
  159 orcs
  A ball python (D:4)
  6 giant cockroaches
  15 goblins
  15 hobgoblins
  4 jackals
  6 quokkas
  3 bats
  6 frilled lizards
  A jackal zombie (D:5)
  19 kobolds
  A quokka skeleton (D:6)
  6 rats
  2 bushes (Depths:4)
  8 crawling corpses
  3 fungi
  A plant (Depths:3)
  A starspawn tentacle (Abyss:2)
  5 tentacles (Shoals:1)
2603 creatures vanquished.

Vanquished Creatures (others)
  An Ice Fiend (Zig:9)
  An Orb Guardian (Zot:5)
  A deep elf master archer (Elf:3)
  A fire giant (Depths:4)
  The ghost of Idameato the Severer, a journeyman MiFi of Okawaru (Shoals:3)
  A vault warden (Vaults:5)
  A very ugly thing (Depths:1)
  A yaktaur captain (Vaults:4)
  2 centaur warriors
  A satyr (Shoals:4)
  A shadow wraith (Depths:3)
  2 deep elf archers
  An ironbrand convoker (Vaults:1)
  2 deep elf magi
  A cyclops (Shoals:4)
  An ugly thing (Depths:1)
  7 yaktaurs
  A wraith (Vaults:5)
  A hungry ghost (D:12)
  A warg (Depths:3)
  An orc warrior (Vaults:5)
  2 ogres
  A boggart (Lair:6)
  9 centaurs
  An orc wizard (Vaults:5)
  3 orcs
  2 kobolds (D:8)
  3 bushes (D:9)
  3 demonic plants (Gauntlet)
  14 fungi
  30 plants
  5 starspawn tentacles
103 creatures vanquished.

Grand Total: 2706 creatures vanquished

Notes
Turn   | Place    | Note
-------+----------+-------------------------------------------
     0 | D:1      | Ijustatesigmund the Gnoll Fighter began the quest for the
                  | Orb.
     0 | D:1      | Reached XP level 1. HP: 23/23 MP: 1/1
   103 | D:1      | Reached XP level 2. HP: 27/29 MP: 2/2
   601 | D:1      | Reached XP level 3. HP: 35/35 MP: 3/3
  1091 | D:2      | Reached skill level 1 in Invocations
  1223 | D:2      | Reached skill level 1 in Short Blades
  1223 | D:2      | Reached skill level 1 in Long Blades
  1223 | D:2      | Reached skill level 1 in Maces & Flails
  1223 | D:2      | Reached skill level 1 in Polearms
  1223 | D:2      | Reached skill level 1 in Staves
  1223 | D:2      | Reached skill level 1 in Slings
  1223 | D:2      | Reached skill level 1 in Bows
  1223 | D:2      | Reached skill level 1 in Crossbows
  1223 | D:2      | Reached skill level 1 in Throwing
  1223 | D:2      | Reached skill level 1 in Dodging
  1223 | D:2      | Reached skill level 1 in Stealth
  1223 | D:2      | Reached skill level 1 in Unarmed Combat
  1223 | D:2      | Reached skill level 1 in Spellcasting
  1223 | D:2      | Reached skill level 1 in Evocations
  1307 | D:2      | Reached XP level 4. HP: 41/41 MP: 5/5
  1994 | D:2      | Reached skill level 1 in Conjurations
  1994 | D:2      | Reached skill level 1 in Hexes
  1994 | D:2      | Reached skill level 1 in Charms
  1994 | D:2      | Reached skill level 1 in Summonings
  1994 | D:2      | Reached skill level 1 in Necromancy
  1994 | D:2      | Reached skill level 1 in Translocations
  1994 | D:2      | Reached skill level 1 in Transmutations
  1994 | D:2      | Reached skill level 1 in Fire Magic
  1994 | D:2      | Reached skill level 1 in Ice Magic
  1994 | D:2      | Reached skill level 1 in Air Magic
  1994 | D:2      | Reached skill level 1 in Earth Magic
  1994 | D:2      | Reached skill level 1 in Poison Magic
  2063 | D:3      | Reached XP level 5. HP: 47/47 MP: 6/6
  2220 | D:3      | Found an ancient bone altar of Kikubaaqudgha.
  2257 | D:3      | Found a stormy altar of Qazlal.
  2924 | D:4      | Noticed Eustachio
  3184 | D:4      | Killed Eustachio
  3184 | D:4      | Reached XP level 6. HP: 41/53 MP: 8/8
  3291 | D:4      | Noticed Grinder
  3295 | D:4      | Paralysed by Grinder for 5 turns
  3304 | D:4      | Killed Grinder
  3304 | D:4      | Reached skill level 5 in Axes
  3304 | D:4      | Reached XP level 7. HP: 32/59 MP: 8/10
  3405 | D:4      | Noticed Blork the orc
  3421 | D:4      | Killed Blork the orc
  3571 | D:4      | Noticed Robin
  3760 | D:4      | Killed Robin
  3784 | D:4      | Found a staircase to the Ecumenical Temple.
  4460 | D:4      | Found a glowing silver altar of Zin.
  4461 | D:4      | Found a blossoming altar of Fedhas.
  4464 | D:4      | Found a burning altar of Makhleb.
  4484 | Temple   | Entered the Ecumenical Temple
  4570 | Temple   | Became a worshipper of Cheibriados the Contemplative
  4595 | D:5      | Entered Level 5 of the Dungeon
  4635 | D:5      | Reached XP level 8. HP: 46/67 MP: 12/12
  5124 | D:5      | Reached * piety under Cheibriados
  5134 | D:5      | Found a glowing golden altar of the Shining One.
  5939 | D:6      | Reached ** piety under Cheibriados
  6040 | D:6      | Gained mutation: Your system is resistant to poisons.
                  | (rPois) [potion of mutation]
  6040 | D:6      | Gained mutation: You are weak. (Str -2) [potion of
                  | mutation]
  6040 | D:6      | Gained mutation: You have large cloven feet. [potion of
                  | mutation]
  6084 | D:6      | Reached XP level 9. HP: 72/72 MP: 14/14
  7032 | D:6      | Noticed Sigmund
  7039 | D:6      | Killed Sigmund
  7349 | D:7      | Reached skill level 5 in Invocations
  7353 | D:7      | Reached *** piety under Cheibriados
  7376 | D:7      | Reached XP level 10. HP: 67/80 MP: 15/17
  7805 | D:8      | Got a faintly humming leather armour
  7816 | D:8      | Identified the cursed +0 leather armour "Ruhaer" {rC+
                  | Str+2} (You found it on level 8 of the Dungeon)
  7893 | D:8      | Got a jewelled demon blade
  7894 | D:8      | Identified the +11 demon blade "Ysixki" {elec, Dex+4} (You
                  | found it on level 8 of the Dungeon)
  8166 | D:8      | Reached **** piety under Cheibriados
  8168 | D:8      | Reached skill level 5 in Short Blades
  8168 | D:8      | Reached skill level 5 in Long Blades
  8168 | D:8      | Reached skill level 5 in Maces & Flails
  8168 | D:8      | Reached skill level 5 in Polearms
  8168 | D:8      | Reached skill level 5 in Staves
  8168 | D:8      | Reached skill level 5 in Slings
  8168 | D:8      | Reached skill level 5 in Bows
  8168 | D:8      | Reached skill level 5 in Crossbows
  8168 | D:8      | Reached skill level 5 in Throwing
  8168 | D:8      | Reached skill level 5 in Dodging
  8168 | D:8      | Reached skill level 5 in Stealth
  8168 | D:8      | Reached skill level 5 in Unarmed Combat
  8168 | D:8      | Reached skill level 5 in Spellcasting
  8168 | D:8      | Reached skill level 5 in Evocations
  8293 | D:8      | Found an opulent altar of Gozag.
  8864 | D:9      | Got an ichor-stained plate armour
  9200 | D:9      | Reached XP level 11. HP: 85/87 MP: 19/19
  9247 | D:9      | Found a staircase to the Lair.
  9338 | D:9      | Reached ***** piety under Cheibriados
  9441 | D:10     | Entered Level 10 of the Dungeon
  9512 | D:9      | Identified the +1 plate armour "Doppuexo" {+Inv Str+4
                  | Int+3} (You found it on level 9 of the Dungeon)
  9617 | D:10     | Noticed a two-headed ogre
  9621 | D:10     | Killed a two-headed ogre
  9621 | D:10     | Reached skill level 5 in Conjurations
  9621 | D:10     | Reached skill level 5 in Hexes
  9621 | D:10     | Reached skill level 5 in Charms
  9621 | D:10     | Reached skill level 5 in Summonings
  9621 | D:10     | Reached skill level 5 in Necromancy
  9621 | D:10     | Reached skill level 5 in Translocations
  9621 | D:10     | Reached skill level 5 in Transmutations
  9621 | D:10     | Reached skill level 5 in Fire Magic
  9621 | D:10     | Reached skill level 5 in Ice Magic
  9621 | D:10     | Reached skill level 5 in Air Magic
  9621 | D:10     | Reached skill level 5 in Earth Magic
  9621 | D:10     | Reached skill level 5 in Poison Magic
  9999 | D:10     | Found a bloodstained altar of Trog.
 10049 | D:10     | Noticed Erolcha
 10056 | D:10     | Paralysed by Erolcha for 3 turns
 10059 | D:10     | Killed Erolcha
 10221 | D:11     | Found a staircase to the Orcish Mines.
 10236 | D:11     | Reached ****** piety under Cheibriados
 10292 | D:11     | Noticed a cyclops
 10299 | D:11     | Killed a cyclops
 10299 | D:11     | Reached XP level 12. HP: 59/96 MP: 15/22
 10370 | D:11     | Learned a level 1 spell: Magic Dart
 10437 | D:11     | Got a fine ring mail
 10462 | D:10     | Identified the +1 ring mail of Qiagg {MR+ Int+6 Dex+3} (You
                  | found it on level 11 of the Dungeon)
 10970 | D:12     | Noticed Josephine
 10976 | D:12     | Killed Josephine
 11270 | D:12     | Reached skill level 10 in Fighting
 11270 | D:12     | Reached skill level 10 in Armour
 11270 | D:12     | Reached skill level 10 in Shields
 11314 | D:12     | Got a smoking rapier
 11321 | D:12     | Identified the +12 rapier of Paper {pain, rElec rC- Int+4
                  | SInv} (You found it on level 12 of the Dungeon)
 11475 | D:12     | Noticed Azrael
 11489 | D:12     | Killed Azrael
 11490 | D:12     | Reached XP level 13. HP: 56/103 MP: 19/24
 11744 | D:13     | Found a gate leading to a gauntlet.
 11747 | Gauntlet | Entered a Gauntlet
 11747 | Gauntlet | Found a transporter.
 11747 | Gauntlet | Found a transporter.
 11770 | Gauntlet | Found a transporter.
 11770 | Gauntlet | Found a transporter.
 11772 | Gauntlet | Found a large runed translucent door.
 11773 | Gauntlet | Found a large runed translucent door.
 11789 | Gauntlet | Found a transporter.
 11801 | Gauntlet | Found a transporter.
 11816 | Gauntlet | Found a transporter.
 11831 | Gauntlet | Found a transporter.
 11844 | Gauntlet | Found a transporter.
 11923 | Gauntlet | Paralysed by a floating eye for 4 turns
 11925 | Gauntlet | Gained mutation: You do not regenerate when monsters are
                  | visible. [a shining eye]
 11947 | Gauntlet | Lost mutation: You have large cloven feet. [potion of
                  | mutation]
 11947 | Gauntlet | Lost mutation: You are weak. (Str -2) [potion of mutation]
 11947 | Gauntlet | Gained mutation: Scrolls take you a little longer to read.
                  | [potion of mutation]
 11947 | Gauntlet | Gained mutation: You are resistant to hostile enchantments.
                  | (MR+) [potion of mutation]
 11947 | Gauntlet | Gained mutation: You possess an exceptional clarity of
                  | mind. [potion of mutation]
 11947 | Gauntlet | Gained mutation: Your flesh is cold resistant. (rC+)
                  | [potion of mutation]
 11953 | Gauntlet | Found a transporter.
 11955 | Gauntlet | Found a large runed translucent door.
 11956 | Gauntlet | Found a large runed translucent door.
 11957 | Gauntlet | Found a large runed translucent door.
 11957 | Gauntlet | Found a large runed translucent door.
 11957 | Gauntlet | Found a runed translucent door.
 11957 | Gauntlet | Found a runed translucent door.
 11958 | Gauntlet | Found a large runed translucent door.
 11959 | Gauntlet | Found a large runed translucent door.
 11960 | Gauntlet | Found a large runed translucent door.
 11960 | Gauntlet | Found a large runed translucent door.
 11969 | Gauntlet | Found a large runed translucent door.
 11969 | Gauntlet | Found a large runed translucent door.
 11970 | Gauntlet | Found a large runed translucent door.
 11970 | Gauntlet | Found a large runed translucent door.
 11971 | Gauntlet | Found a large runed translucent door.
 11971 | Gauntlet | Found a large runed translucent door.
 11975 | Gauntlet | Found a runed translucent gate.
 11975 | Gauntlet | Found a runed translucent gate.
 11975 | Gauntlet | Found a runed translucent gate.
 11978 | Gauntlet | Found a transporter.
 12001 | Gauntlet | Found a transporter.
 12009 | Gauntlet | Found a transporter.
 12022 | Gauntlet | Found a transporter.
 12133 | Gauntlet | Noticed a minotaur
 12149 | Gauntlet | Killed a minotaur
 12686 | D:13     | Noticed a vault guard
 12686 | D:13     | Noticed a vault guard
 12691 | D:13     | Found a gate to the Vaults.
 12863 | D:13     | Found a runed translucent gate.
 12863 | D:13     | Noticed a red very ugly thing
 12864 | D:13     | Found a runed translucent gate.
 12864 | D:13     | Found a runed translucent gate.
 12967 | D:13     | Killed a vault guard
 13016 | D:13     | Killed a vault guard
 13346 | D:13     | Killed a red very ugly thing
 13346 | D:13     | Reached XP level 14. HP: 111/111 MP: 26/26
 13375 | D:13     | Found a runed translucent gate.
 13375 | D:13     | Found a runed translucent gate.
 13378 | D:13     | Noticed Lanoc's ghost (journeyman TrBe)
 13380 | D:13     | Found a runed translucent gate.
 13388 | D:13     | Lost mutation: You possess an exceptional clarity of mind.
                  | [potion of mutation]
 13388 | D:13     | Lost mutation: You are resistant to hostile enchantments.
                  | (MR+) [potion of mutation]
 13388 | D:13     | Lost mutation: Your system is resistant to poisons. (rPois)
                  | [potion of mutation]
 13388 | D:13     | Gained mutation: Potions are less effective at restoring
                  | your health. [potion of mutation]
 13388 | D:13     | Gained mutation: You are clumsy. (Dex -2) [potion of
                  | mutation]
 13388 | D:13     | Lost mutation: Potions are less effective at restoring your
                  | health. [potion of mutation]
 13388 | D:13     | Gained mutation: Your spells are a little harder to cast,
                  | but a little more powerful. [potion of mutation]
 13405 | D:13     | Killed Lanoc's ghost
 13405 | D:13     | Reached skill level 10 in Axes
 13704 | D:13     | Lost mutation: You do not regenerate when monsters are
                  | visible. [potion of mutation]
 13704 | D:13     | Lost mutation: You are clumsy. (Dex -2) [potion of
                  | mutation]
 13704 | D:13     | Lost mutation: Your flesh is cold resistant. (rC+) [potion
                  | of mutation]
 13704 | D:13     | Lost mutation: Your spells are a little harder to cast, but
                  | a little more powerful. [potion of mutation]
 13704 | D:13     | Gained mutation: You have a pair of small horns on your
                  | head. [potion of mutation]
 13704 | D:13     | Gained mutation: You are surrounded by a mild repulsion
                  | field. (EV +2) [potion of mutation]
 13704 | D:13     | Gained mutation: You are robust. (+10% HP) [potion of
                  | mutation]
 13845 | D:14     | Found a runed translucent door.
 13846 | D:14     | Found a shimmering altar of Xom.
 13846 | D:14     | Noticed yojik's ghost (journeyman HaBe)
 13865 | D:14     | Killed yojik's ghost
 13868 | D:14     | Got a brightly glowing broad axe
 13874 | D:14     | Identified the cursed +1 broad axe of the Pit {freeze, rF+}
                  | (You found it on level 14 of the Dungeon)
 13942 | D:14     | Found a glowing golden altar of the Shining One.
 14312 | D:15     | Entered Level 15 of the Dungeon
 14449 | D:15     | Reached skill level 10 in Invocations
 15679 | D:15     | Found a staircase to the Depths.
 15948 | Lair:1   | Entered Level 1 of the Lair of Beasts
 16279 | Lair:1   | Noticed Nergalle
 16287 | Lair:1   | Killed Nergalle
 16832 | Lair:2   | Found a hole to the Spider Nest.
 16999 | Lair:2   | Reached XP level 15. HP: 130/130 MP: 28/28
 17696 | Lair:3   | Noticed Gastronok
 17706 | Lair:3   | Killed Gastronok
 17826 | Lair:3   | Found a staircase to the Shoals.
 19598 | Lair:5   | Found a dark tunnel.
 19603 | Volcano  | Entered a volcano
 19737 | Volcano  | Reached skill level 10 in Short Blades
 19737 | Volcano  | Reached skill level 10 in Long Blades
 19737 | Volcano  | Reached skill level 10 in Maces & Flails
 19737 | Volcano  | Reached skill level 10 in Polearms
 19737 | Volcano  | Reached skill level 10 in Staves
 19737 | Volcano  | Reached skill level 10 in Slings
 19737 | Volcano  | Reached skill level 10 in Bows
 19737 | Volcano  | Reached skill level 10 in Crossbows
 19737 | Volcano  | Reached skill level 10 in Throwing
 19737 | Volcano  | Reached skill level 10 in Dodging
 19737 | Volcano  | Reached skill level 10 in Stealth
 19737 | Volcano  | Reached skill level 10 in Unarmed Combat
 19737 | Volcano  | Reached skill level 10 in Spellcasting
 19737 | Volcano  | Reached skill level 10 in Evocations
 19919 | Lair:5   | Identified the Handbook of Ice and Black Magic
 19964 | Lair:5   | Found a runed translucent door.
 19966 | Lair:5   | Found a viscous altar of Jiyva.
 19969 | Lair:5   | Found a staircase to the Slime Pits.
 20588 | Lair:6   | Entered Level 6 of the Lair of Beasts
 20775 | Lair:6   | Reached XP level 16. HP: 118/139 MP: 27/30
 21348 | Lair:6   | Identified the cursed +0 whip "Anefoh" {freeze, +Blink}
                  | (You found it on level 6 of the Lair of Beasts)
 21840 | Orc:1    | Entered Level 1 of the Orcish Mines
 22440 | Orc:2    | Entered Level 2 of the Orcish Mines
 22456 | Orc:2    | Found Teufuf's General Store.
 22496 | Orc:2    | Bought a scroll of identify for 26 gold pieces
 22581 | Orc:2    | Found a frozen archway.
 22598 | IceCv    | Entered an ice cave
 22599 | IceCv    | Found a transporter.
 22778 | IceCv    | Found a transporter.
 22824 | IceCv    | Learned a level 6 spell: Freezing Cloud
 22912 | Orc:2    | Found Ninihulatri's Antique Weapon Emporium.
 23076 | Orc:2    | Found Cewoarinia's Antique Armour Boutique.
 23105 | Orc:2    | Found a staircase to the Elven Halls.
 23112 | Orc:2    | Bought the +0 pair of fencer's gloves {Riposte Dex+3} for
                  | 960 gold pieces
 23112 | Orc:2    | Found the +0 pair of fencer's gloves {Riposte Dex+3}
 23200 | Orc:2    | Found Igekk's Jewellery Shop.
 23208 | Orc:2    | Found Ruriacuk's Book Emporium.
 23409 | Elf:1    | Entered Level 1 of the Elven Halls
 23741 | Orc:2    | Bought a +3 ring of evasion for 273 gold pieces
 23886 | Spider:1 | Entered Level 1 of the Spider Nest
 24482 | Spider:1 | Reached XP level 17. HP: 97/148 MP: 32/32
 27659 | Spider:3 | Identified the +5 chain mail of Shielding {*Contam rC+
                  | MP+9} (You found it on level 3 of the Spider Nest)
 27917 | Spider:3 | Noticed Nikola
 27927 | Spider:3 | Killed Nikola
 28461 | Spider:4 | Entered Level 4 of the Spider Nest
 28943 | Spider:4 | Reached skill level 10 in Conjurations
 28943 | Spider:4 | Reached skill level 10 in Hexes
 28943 | Spider:4 | Reached skill level 10 in Charms
 28943 | Spider:4 | Reached skill level 10 in Summonings
 28943 | Spider:4 | Reached skill level 10 in Necromancy
 28943 | Spider:4 | Reached skill level 10 in Translocations
 28943 | Spider:4 | Reached skill level 10 in Transmutations
 28943 | Spider:4 | Reached skill level 10 in Fire Magic
 28943 | Spider:4 | Reached skill level 10 in Ice Magic
 28943 | Spider:4 | Reached skill level 10 in Air Magic
 28943 | Spider:4 | Reached skill level 10 in Earth Magic
 28943 | Spider:4 | Reached skill level 10 in Poison Magic
 29184 | Spider:4 | Reached XP level 18. HP: 94/157 MP: 26/33
 30052 | Spider:4 | Got a gossamer rune of Zot
 30366 | Shoals:1 | Entered Level 1 of the Shoals
 30486 | Shoals:1 | Upgraded the game from 0.24-a0-205-g1d96822 to
                  | 0.24-a0-217-g1152973
 32030 | Shoals:3 | Found a runed translucent gate.
 32030 | Shoals:3 | Found a runed translucent gate.
 32030 | Shoals:3 | Found a runed translucent gate.
 32041 | Shoals:3 | Noticed Idameato's ghost (journeyman MiFi)
 32050 | Shoals:3 | Killed Idameato's ghost
 32078 | Shoals:3 | Identified the cursed -2 pair of boots of an ossuary {MR++
                  | Dex+6} (You found it on level 3 of the Shoals)
 32312 | Shoals:4 | Entered Level 4 of the Shoals
 33209 | Shoals:4 | Reached XP level 19. HP: 166/166 MP: 35/35
 33269 | Shoals:4 | Got a barnacled rune of Zot
 33477 | Shoals:4 | Identified the +5 scale mail "Duetemee" {+Blink rC+++
                  | Str-3} (You found it on level 4 of the Shoals)
 33910 | Vaults:1 | Entered Level 1 of the Vaults
 34128 | Vaults:1 | Noticed Donald
 34141 | Vaults:1 | Killed Donald
 34530 | Vaults:1 | Learned a level 3 spell: Conjure Flame
 34534 | Vaults:1 | Learned a level 3 spell: Portal Projectile
 34639 | Vaults:1 | Cast into level 4 of the Abyss (a deep elf sorcerer)
 34642 | Abyss:4  | Found a corrupted altar of Lugonu.
 34806 | Abyss:4  | Noticed a lich
 34818 | Abyss:4  | Killed a lich
 34818 | Abyss:4  | Reached XP level 20. HP: 146/172 MP: 30/36
 34974 | Vaults:1 | Escaped the Abyss
 36529 | Vaults:2 | Found Puguseu's Weapon Shoppe.
 37318 | Vaults:2 | Paralysed by a wizard for 6 turns
 37539 | Vaults:2 | Reached XP level 21. HP: 182/182 MP: 38/38
 38786 | Vaults:3 | Reached skill level 15 in Fighting
 38786 | Vaults:3 | Reached skill level 15 in Armour
 38786 | Vaults:3 | Reached skill level 15 in Shields
 38955 | Vaults:3 | Found a staircase to the Crypt.
 39031 | Vaults:3 | Noticed Frederick
 39049 | Vaults:3 | Killed Frederick
 39940 | Elf:1    | Reached skill level 15 in Invocations
 40525 | Elf:2    | Found a huge runed translucent gate.
 40525 | Elf:2    | Found a huge runed translucent gate.
 40525 | Elf:2    | Found a huge runed translucent gate.
 40526 | Elf:2    | Found a huge runed translucent gate.
 40526 | Elf:2    | Found a huge runed translucent gate.
 40646 | Elf:2    | Found a portal to a secret trove of treasure.
 41891 | Elf:2    | Reached XP level 22. HP: 188/192 MP: 40/40
 41924 | Elf:2    | Identified the +8 large shield of the Known World {rF+ rC+
                  | rN+ rCorr}
 41924 | Elf:2    | Noticed Louise
 41930 | Elf:2    | Cast into level 2 of the Abyss (Louise)
 41930 | Abyss:2  | Found a corrupted altar of Lugonu.
 42279 | Elf:2    | Escaped the Abyss
 42299 | Elf:2    | Killed Louise
 42615 | Elf:3    | Entered Level 3 of the Elven Halls
 43204 | Elf:3    | Identified the +1 robe "Xivagoy" {Str+2 SInv}
 43219 | Elf:3    | Reached skill level 15 in Axes
 43220 | Elf:3    | Identified the cursed +2 spear of Okawaru's Pride {elec,
                  | *Drain +Fly rC+ SInv}
 43224 | Elf:3    | Identified the +3 battleaxe "Aloabloe" {pain, rElec rC++
                  | Dex+2}
 43224 | Elf:3    | Identified the ring of Ybricua {rElec rC+ MR+ Dex+2}
 43633 | Elf:3    | Identified the +6 ice dragon scales of Joy {rF- rC++ rN+}
 44043 | Elf:3    | Found the +9 heavy crossbow "Sniper" {velocity, Acc+∞ SInv}
 44053 | Elf:3    | Learned a level 1 spell: Summon Butterflies
 44155 | Elf:3    | Identified the Incunabulum of Displacement
 44159 | Elf:3    | Learned a level 1 spell: Apportation
 44169 | Elf:3    | Learned a level 3 spell: Lesser Beckoning
 44593 | Vaults:4 | Found Zuci Keo's Gadget Shoppe.
 45016 | Vaults:4 | Reached XP level 23. HP: 195/201 MP: 41/41
 45030 | Vaults:4 | Noticed Saint Roka
 45062 | Vaults:4 | Killed Saint Roka
 45890 | Vaults:5 | Entered Level 5 of the Vaults
 45940 | Vaults:5 | Reached skill level 15 in Short Blades
 45940 | Vaults:5 | Reached skill level 15 in Long Blades
 45940 | Vaults:5 | Reached skill level 15 in Maces & Flails
 45940 | Vaults:5 | Reached skill level 15 in Polearms
 45940 | Vaults:5 | Reached skill level 15 in Staves
 45940 | Vaults:5 | Reached skill level 15 in Slings
 45940 | Vaults:5 | Reached skill level 15 in Bows
 45940 | Vaults:5 | Reached skill level 15 in Crossbows
 45940 | Vaults:5 | Reached skill level 15 in Throwing
 45940 | Vaults:5 | Reached skill level 15 in Dodging
 45940 | Vaults:5 | Reached skill level 15 in Stealth
 45940 | Vaults:5 | Reached skill level 15 in Unarmed Combat
 45940 | Vaults:5 | Reached skill level 15 in Spellcasting
 45940 | Vaults:5 | Reached skill level 15 in Evocations
 45986 | Vaults:5 | Noticed a golden dragon
 46024 | Vaults:5 | Identified the +7 whip "Ogrebane" {vamp, rPois Str+3}
 46455 | Vaults:5 | Identified the cursed +0 hand axe of Balance {flame, rC+}
 46592 | Vaults:5 | Identified the +1 ring mail of Discretion {rElec rPois
                  | SInv}
 46966 | Vaults:5 | HP: 9/202 [mirror damage (33)]
 46966 | Vaults:5 | HP: 3/202 [tentacled monstrosity (7)]
 47445 | Vaults:5 | Identified the +6 spear of Unreason {vamp, rN++ Dex+4}
 47448 | Vaults:5 | Reached XP level 24. HP: 150/210 MP: 42/42
 47473 | Vaults:5 | Identified the +0 great sword of Evolution {holy, +Inv
                  | rPois rC- rN++}
 47741 | Vaults:5 | Identified the ring of Xom's Castigation {*Tele rF+}
 48311 | Vaults:5 | Learned a level 5 spell: Yara's Violent Unravelling
 48353 | Vaults:5 | Gained mutation: Your system is resistant to poisons.
                  | (rPois) [you]
 49006 | Vaults:5 | Identified the Reference Book on Moulding and Translocation
 49072 | Vaults:5 | Identified the Compendium of Toxins and Shape Shifting
 49152 | Vaults:5 | Got a silver rune of Zot
 49159 | Vaults:5 | Identified the +1 scale mail "Zetewat" {Dex+6} (You found
                  | it on level 5 of the Vaults)
 49530 | D:13     | Upgraded the game from 0.24-a0-217-g1152973 to
                  | 0.24-a0-232-g49d9ff8
 49636 | Depths:1 | Entered Level 1 of the Depths
 49707 | Depths:1 | Found a one-way gate leading to the halls of Pandemonium.
 49778 | Depths:1 | Identified the amulet "Nacliod" {Reflect rC- MR+ Dex+5
                  | SH+4} (You found it on level 1 of the Depths)
 49856 | Depths:1 | Found Zirel's Jewellery Boutique.
 49856 | Depths:1 | Found Juqot's Gadget Emporium.
 49857 | Depths:1 | Found Vualiwn's Jewellery Boutique.
 49868 | Depths:1 | Bought an uncursed ring of protection from cold for 375
                  | gold pieces
 49895 | Depths:1 | Found a gateway to Hell.
 49964 | Depths:1 | Noticed Bai Suzhen
 50027 | Depths:1 | Killed Bai Suzhen
 50681 | Depths:2 | Noticed a caustic shrike
 50684 | Depths:2 | Killed a caustic shrike
 50715 | Depths:2 | Reached XP level 25. HP: 178/220 MP: 42/42
 50716 | Depths:2 | Paralysed by a sphinx for 4 turns
 50884 | Depths:2 | Learned a level 3 spell: Inner Flame
 50995 | Depths:2 | Found Komeh's Weapon Emporium.
 53462 | Depths:3 | Found a gateway to a ziggurat.
 53701 | Depths:3 | Paralysed by the power of Zot for 4 turns
 53729 | Depths:3 | Identified Goepoppo's First Steps in Spellcasting
 54538 | Depths:4 | Found a one-way gate to the infinite horrors of the Abyss.
 54700 | Depths:4 | Noticed Boris
 54719 | Depths:4 | Killed Boris
 54719 | Depths:4 | Reached XP level 26. HP: 216/228 MP: 42/43
 55384 | Depths:5 | Entered Level 5 of the Depths
 55671 | Depths:5 | Found Heplaudgh's Jewellery Shoppe.
 55763 | Depths:5 | Found a gate to the Realm of Zot.
 56298 | Depths:5 | Identified the cursed +0 pair of boots of the Shoals {rPois
                  | rF- Int+7 Dex-2} (You found it on level 5 of the Depths)
 56738 | Depths:5 | Found a basalt altar of Yredelemnul.
 56880 | Zot:1    | Entered Level 1 of the Realm of Zot
 56895 | Zot:1    | Identified the +8 flail of Saonat {freeze, rC+} (You found
                  | it on level 1 of the Realm of Zot)
 57084 | Zot:1    | Reached XP level 27. HP: 130/238 MP: 0/43
 58405 | Zot:1    | Learned a level 8 spell: Controlled Blink
 58572 | Zig:1    | Entered Level 1 of a ziggurat
 58573 | Zig:1    | Identified a scroll of acquirement
 58589 | Zig:2    | Entered Level 2 of a ziggurat
 58614 | Zig:2    | Identified the +1 leather armour of Heaxum {Dex+6} (You
                  | found it on level 2 of a ziggurat)
 58620 | Zig:3    | Entered Level 3 of a ziggurat
 58755 | Zig:3    | Identified the cursed +1 broad axe of Dullness {antimagic,
                  | Stlth+} (You found it on level 3 of a ziggurat)
 58759 | Zig:3    | Identified the +7 long sword of Huxunn {slice, rC+} (You
                  | found it on level 3 of a ziggurat)
 58761 | Zig:4    | Entered Level 4 of a ziggurat
 58979 | Zig:4    | Identified the +0 pair of gloves of Gatary {rC+ Str+2
                  | Dex+3} (You found it on level 4 of a ziggurat)
 58981 | Zig:5    | Entered Level 5 of a ziggurat
 59071 | Zig:6    | Entered Level 6 of a ziggurat
 59257 | Zig:7    | Entered Level 7 of a ziggurat
 59295 | Zig:7    | Identified the +1 scale mail of Anaesthesia {Stlth+} (You
                  | found it on level 7 of a ziggurat)
 59311 | Zig:8    | Entered Level 8 of a ziggurat
 59446 | Zig:9    | Entered Level 9 of a ziggurat
 59461 | Zig:9    | Noticed Louvenem the pandemonium lord
 59472 | Zig:9    | HP: 8/254 [Louvenem the pandemonium lord (8)]
 60155 | Zot:2    | Reached skill level 15 in Conjurations
 60155 | Zot:2    | Reached skill level 15 in Hexes
 60155 | Zot:2    | Reached skill level 15 in Charms
 60155 | Zot:2    | Reached skill level 15 in Summonings
 60155 | Zot:2    | Reached skill level 15 in Necromancy
 60155 | Zot:2    | Reached skill level 15 in Translocations
 60155 | Zot:2    | Reached skill level 15 in Transmutations
 60155 | Zot:2    | Reached skill level 15 in Fire Magic
 60155 | Zot:2    | Reached skill level 15 in Ice Magic
 60155 | Zot:2    | Reached skill level 15 in Air Magic
 60155 | Zot:2    | Reached skill level 15 in Earth Magic
 60155 | Zot:2    | Reached skill level 15 in Poison Magic
 60184 | Zot:2    | Learned a level 6 spell: Statue Form
 60190 | Zot:2    | Learned a level 5 spell: Blade Hands
 63211 | Zot:5    | Entered Level 5 of the Realm of Zot
 63809 | Zot:5    | Noticed an ancient lich
 63818 | Zot:5    | Killed an ancient lich
 63838 | Zot:5    | Noticed an orb of fire
 63840 | Zot:5    | Noticed an orb of fire
 63844 | Zot:5    | Gained mutation: You tend to lose your temper in combat.
                  | [an orb of fire]
 63856 | Zot:5    | Gained mutation: You do not regenerate when monsters are
                  | visible. [an orb of fire]
 63860 | Zot:5    | Killed an orb of fire
 64007 | Zot:5    | Noticed an orb of fire
 64013 | Zot:5    | Gained mutation: You occasionally shout uncontrollably at
                  | your foes. [an orb of fire]
 64027 | Zot:5    | Killed an orb of fire
 64082 | Zot:5    | Noticed an ancient lich
 64083 | Zot:5    | Noticed an orb of fire
 64087 | Zot:5    | Killed an ancient lich
 64092 | Zot:5    | Killed an orb of fire
 64102 | Zot:5    | Cast into level 3 of the Abyss (Killer Klown)
 64253 | Abyss:3  | Gained mutation: Your spells are a little easier to cast,
                  | but a little less powerful. [a neqoxec]
 64297 | Abyss:3  | Lost mutation: You are robust. (+10% HP) [a neqoxec]
 64354 | Abyss:3  | Gained mutation: You are frail. (-10% HP) [a neqoxec]
 64388 | Zot:5    | Escaped the Abyss
 64390 | Zot:5    | Noticed an ancient lich
 64646 | Zot:5    | Noticed an orb of fire
 64651 | Zot:5    | Gained mutation: Your body sometimes deteriorates upon
                  | taking damage. [an orb of fire]
 64651 | Zot:5    | Gained mutation: Armour fits poorly on your strangely
                  | shaped body. [an orb of fire]
 64656 | Zot:5    | Gained mutation: Scrolls take you longer to read. [an orb
                  | of fire]
 64659 | Zot:5    | Lost mutation: Your system is resistant to poisons. (rPois)
                  | [an orb of fire]
 64663 | Zot:5    | Lost mutation: Your spells are a little easier to cast, but
                  | a little less powerful. [an orb of fire]
 64668 | Zot:5    | Gained mutation: You are very frail. (-20% HP) [an orb of
                  | fire]
 64671 | Zot:5    | Gained mutation: You are weak. (Str -2) [an orb of fire]
 64672 | Zot:5    | Lost mutation: Your body sometimes deteriorates upon taking
                  | damage. [an orb of fire]
 64679 | Zot:5    | Killed an orb of fire
 64685 | Zot:5    | Gained mutation: You are very weak. (Str -4) [an orb of
                  | fire]
 64691 | Zot:5    | Gained mutation: You are dopey. (Int -2) [an orb of fire]
 64697 | Zot:5    | Killed an orb of fire
 64708 | Zot:5    | HP: 8/191 [Orb Guardian (15)]
 64708 | Zot:5    | Slain by an ancient lich

Levels and vault maps discovered:
D:1:      psy_arrival_radial02, layout_loops_corners
D:2:      layout_basic
D:3:      layout_basic, grunt_qazlal_sundering, kiku_gazebo_pond_becter,
          first_ration, lemuel_statue_altar
D:4:      layout_gridville, chequers_temple_overflow_statue_of_worship,
          minmay_temple_entry_waves, uniq_robin, uniq_blork_the_orc,
          uniq_grinder, uniq_eustachio
D:5:      layout_cave_pods, basic_altar, patterned_corridor
D:6:      minmay_clustersquares, layout_loops_corners, uniq_sigmund
D:7:      layout_rooms
D:8:      layout_gridville, kennysheep_mini_moat
D:9:      layout_long_grid, minmay_lair_entry_grove
D:10:     layout_loops_cross, basic_altar, uniq_erolcha
D:11:     layout_cave_pools, david_orc_1_choice, grunt_livestock,
          minmay_fractal_squares_diagonal_5
D:12:     layout_cave_pools, skrybe_limestone_x, uniq_azrael, uniq_josephine
D:13:     layout_loops_ring, grunt_vaults_entry_tiered, gauntlet_entry_generic,
          ploomutoo_gammafunk_ghost_potion_laboratory
D:14:     layout_rooms, nicolae_tso_carved_into_rock, ebering_ghost_xom
D:15:     grunt_enter_depths_snipers, layout_gridville, minmay_crystal_water,
          st_stairs_14
Temple:   lightli_temple_of_artemis
Lair:1:   layout_long_grid, serial_bayou_shore_a, grunt_megastairs_2,
          uniq_nergalle
Lair:2:   layout_regular_city, dummy_spider_entry, grunt_megastairs_1,
          serial_bayou_shore_b
Lair:3:   layout_regular_city, elwin_shoals_entry_rocks, grunt_megastairs_3,
          uniq_gastronok
Lair:4:   layout_layer_cave, minivault_23, grunt_megastairs_4
Lair:5:   layout_gridlike, slime_altar_2, enter_volcano_4
Lair:6:   minmay_lair_end_enchanted_forest, layout_regular_city, wad_woods_02,
          infiniplex_staircase_pool_2
Shoals:1: layout_shoals, nicolae_shoals_loop_pool
Shoals:2: layout_shoals
Shoals:3: layout_shoals, gammafunk_ghost_necromancy
Shoals:4: shoals_end_hangedman, layout_shoals
Spider:1: spider_temple_joshua, drop_trap
Spider:2: layout_chambers, special_room [special_room_bee]
Spider:3: layout_spider_delve, nicolae_spider_cling_halls, uniq_nikola
Spider:4: grunt_spider_rune_island
Orc:1:    layout_caves, minmay_orc_barracks
Orc:2:    grunt_orc_gardens, layout_diamond_mine, grunt_orc_garden,
          grunt_orc_garden, grunt_orc_garden, grunt_orc_garden, serial_shops,
          shop, portal_ice_cave_demonic_guard
Elf:1:    minmay_elf_arrival_circle, layout_loops_cross, minivault_28
Elf:2:    layout_rooms, nicolae_trove_entry_crystal, uniq_louise
Elf:3:    minmay_elf_hall_spiked, layout_loops_cross, grunt_ministairs_2
Vaults:1: hangedman_vaults_restitches, hangedman_vaults_locks,
          vaults_room_fours, v_misc_18, hangedman_vaults_trim,
          vaults_room_grunt_arrival_checkpoint, v_misc_25,
          vaults_room_ringed_pool, st_greater_box_2, v_misc_13,
          vaults_dpeg_cross, nicolae_vaults_specimen_jars,
          nicolae_vaults_little_squares_2, vaults_mumra_chevron,
          nicolae_vaults_ring_of_whatevers, grunt_vaults_hallway_long,
          layout_vaults_maze, uniq_donald
Vaults:2: nicolae_vaults_stairing_the_circle, ontoclasm_vaults_tryst,
          nicolae_vaults_minivaults, nicolae_vaults_little_squares_2,
          nicolae_vaults_little_squares_6, dpeg_vaults_monster_box,
          nicolae_vaults_triangles, nicolae_vaults_theta,
          vaults_standard_mumra_lines, vaults_room_fours,
          nicolae_vaults_network_star, nicolae_vaults_diagonal_hallway_8,
          vaults_dpeg_encased_lava, vaults_dpeg_diagonal,
          ontoclasm_vaults_twist, layout_vaults_omnicross, serial_shops,
          nicolae_shop_stone
Vaults:3: hangedman_vaults_restitches, v_rooms_3, nicolae_vaults_asterisk,
          vaults_room_octagon, minmay_crypt_entry_simple_round, v_misc_29,
          vaults_room_pools, vaults_room_semicircle, layout_vaults_quadrants,
          uniq_frederick
Vaults:4: vaults_room_semicircle, hangedman_vaults_impose, grunt_vaults_swirl,
          v_misc_17, ontoclasm_vaults_fault, v_misc_29,
          nicolae_vaults_little_squares_6, nicolae_vaults_network_s, v_misc_11,
          vaults_room_pools, vaults_room_door_ring, layout_vaults_big_room,
          serial_shops, nicolae_shop_temple_entry_statues_fountains,
          uniq_saint_roka
Vaults:5
Depths:1: layout_gridlike, lightli_too_deep, minmay_misc_feat_tiny,
          grunt_pan_entry_zigzag, grunt_decor_mini_mirrors,
          kennysheep_inner_square, minmay_shop_grove, uniq_bai_suzhen
Depths:2: minmay_connected_triangles_in_corner, layout_gridville, serial_shops,
          shop, hell_entry, hangedman_abyss_or_decor_passed, minmay_evil_grid
Depths:3: lemuel_river_lethe, hell_entry, serial_shops, pan_entry
Depths:4: minmay_blocking_statues, layout_cave_pools, minmay_hedge_maze,
          pf_coc_iceberg, abyss_entry_small_statue_room, grunt_ministairs_8,
          minmay_misc_feat_columns, infiniplex_staircase_split_hallway,
          uniq_boris
Depths:5: evilmike_zot_entry_argh, layout_gridlike, pan_entry, hell_entry,
          minmay_shop_enchanted_jewellery, hangedman_blasphemy
Zot:1:    layout_cathedral_of_symmetry
Zot:2:    layout_misc_corridors
Zot:3:    layout_cathedral_of_symmetry
Zot:4:    layout_basic, st_stairs_10
Zot:5:    layout_gridlike
Abyss:2:  minivault_26
Abyss:3:  gammafunk_abyss_rune_reverse_zot
Abyss:4:  evilmike_abyss_exit_kraken, grunt_abyss_rune_wretched_hive
Zig:1
Zig:2
Zig:3:    ziggurat_pillar_abc, ziggurat_pillar_abc, ziggurat_pillar_abc,
          ziggurat_pillar_abc
Zig:4
Zig:5
Zig:6
Zig:7
Zig:8
Zig:9
IceCv:    ice_cave_statue_garden_transporter
Volcano:  volcano_pools
Gauntlet: gammafunk_gauntlet_branching [gammafunk_gauntlet_arena_corners,
          gammafunk_gauntlet_arena_hedges, nicolae_gauntlet_arena_quarters,
          nicolae_gauntlet_arena_t_cross,
          minmay_gauntlet_arena_make_your_own_arena,
          gammafunk_gauntlet_arena_spirals, gammafunk_gauntlet_arena_mazey,
          nicolae_gauntlet_arena_grate_2, gauntlet_exit_hidden_loot]

Skill      XL: |  1  2  3  4  5  6  7  8  9 10 11 12 13 14 15 16 17 18 19 20 21 22 23 24 25 26 27 |
---------------+----------------------------------------------------------------------------------+-----
Invocations    | 1 2 3 4 5 6 7 8 9 10 11 12 13 14 15 16 17 18 19 | 19.7
Short Blades   | 1 2 3 4 5 6 7 8 9 10 11 12 13 14 15 16 18 | 18.3
Long Blades    | 1 2 3 4 5 6 7 8 9 10 11 12 13 14 15 16 18 | 18.3
Maces & Flails | 1 2 3 4 5 6 7 8 9 10 11 12 13 14 15 16 18 | 18.3
Polearms       | 1 2 3 4 5 6 7 8 9 10 11 12 13 14 15 16 18 | 18.3
Staves         | 1 2 3 4 5 6 7 8 9 10 11 12 13 14 15 16 18 | 18.3
Slings         | 1 2 3 4 5 6 7 8 9 10 11 12 13 14 15 16 18 | 18.3
Bows           | 1 2 3 4 5 6 7 8 9 10 11 12 13 14 15 16 18 | 18.3
Crossbows      | 1 2 3 4 5 6 7 8 9 10 11 12 13 14 15 16 18 | 18.3
Throwing       | 1 2 3 4 5 6 7 8 9 10 11 12 13 14 15 16 18 | 18.3
Dodging        | 1 2 3 4 5 6 7 8 9 10 11 12 13 14 15 16 19 | 19.3
Stealth        | 1 2 3 4 5 6 7 8 9 10 11 12 13 14 15 16 18 | 18.3
Unarmed Combat | 1 2 3 4 5 6 7 8 9 10 11 12 13 14 15 16 18 | 18.3
Spellcasting   | 1 2 3 4 5 6 7 8 9 10 11 12 13 14 15 16 18 | 18.3
Evocations     | 1 2 3 4 5 6 7 8 9 10 11 12 13 14 15 16 18 | 18.3
Conjurations   | 1 2 3 4 5 6 7 8 9 10 11 12 13 14 15 | 15.8
Hexes          | 1 2 3 4 5 6 7 8 9 10 11 12 13 14 15 | 15.8
Charms         | 1 2 3 4 5 6 7 8 9 10 11 12 13 14 15 | 15.8
Summonings     | 1 2 3 4 5 6 7 8 9 10 11 12 13 14 15 | 15.8
Necromancy     | 1 2 3 4 5 6 7 8 9 10 11 12 13 14 15 | 15.8
Translocations | 1 2 3 4 5 6 7 8 9 10 11 12 13 14 15 | 15.8
Transmutations | 1 2 3 4 5 6 7 8 9 10 11 12 13 14 15 | 15.8
Fire Magic     | 1 2 3 4 5 6 7 8 9 10 11 12 13 14 15 | 15.8
Ice Magic      | 1 2 3 4 5 6 7 8 9 10 11 12 13 14 15 | 15.8
Air Magic      | 1 2 3 4 5 6 7 8 9 10 11 12 13 14 15 | 15.8
Earth Magic    | 1 2 3 4 5 6 7 8 9 10 11 12 13 14 15 | 15.8
Poison Magic   | 1 2 3 4 5 6 7 8 9 10 11 12 13 14 15 | 15.8
Axes           | 5 6 7 8 9 10 11 12 13 14 15 16 17 18 | 18.7
Fighting       | 7 8 9 10 11 12 13 14 15 16 17 19 | 19.1
Armour         | 7 8 9 10 11 12 13 14 15 16 17 19 | 19.1
Shields        | 7 8 9 10 11 12 13 14 15 16 17 19 | 19.1

Action                   |  1- 3 |  4- 6 |  7- 9 | 10-12 | 13-15 | 16-18 | 19-21 | 22-24 | 25-27 || total
-------------------------+-------+-------+-------+-------+-------+-------+-------+-------+-------++-------
Melee: War axe           |    90 |    70 |   340 |    31 |       |       |       |       |       ||   531
       Bite              |    10 |    11 |    46 |    66 |   134 |   263 |   272 |   284 |   539 ||  1625
       Short sword       |       |    32 |    39 |       |       |       |       |       |       ||    71
       Kick              |       |       |    68 |   184 |    15 |       |       |       |       ||   267
       Demon blade       |       |       |       |   316 |   538 |   976 |  1092 |  1017 |  1908 ||  5847
       Rapier            |       |       |       |    14 |    47 |   251 |       |       |       ||   312
       Headbutt          |       |       |       |       |   143 |   497 |   476 |   500 |   944 ||  2560
       Scimitar          |       |       |       |       |    22 |       |       |       |       ||    22
       Unarmed           |       |       |       |       |       |       |       |       |    14 ||    14
       Morningstar       |       |       |       |       |       |       |       |       |     8 ||     8
       Punch             |       |       |       |       |       |       |       |       |     2 ||     2
Throw: Javelin           |       |       |       |       |       |    52 |     5 |    10 |    10 ||    77
       Throwing net      |       |       |       |       |       |       |       |     3 |       ||     3
 Cast: Magic Dart        |       |       |       |     1 |     5 |     3 |     5 |     3 |    28 ||    45
       Freezing Cloud    |       |       |       |       |       |     2 |    16 |    17 |    35 ||    70
       Yara's Violent Un |       |       |       |       |       |       |       |     1 |     3 ||     4
       Inner Flame       |       |       |       |       |       |       |       |       |    47 ||    47
       Lesser Beckoning  |       |       |       |       |       |       |       |       |    26 ||    26
       Apportation       |       |       |       |       |       |       |       |       |     1 ||     1
       Controlled Blink  |       |       |       |       |       |       |       |       |     4 ||     4
       Statue Form       |       |       |       |       |       |       |       |       |     2 ||     2
       Blade Hands       |       |       |       |       |       |       |       |       |     1 ||     1
       Portal Projectile |       |       |       |       |       |       |       |       |     1 ||     1
Invok: Slouch            |       |       |       |     3 |     8 |     8 |     9 |    11 |    16 ||    55
       Bend Time         |       |       |       |       |       |     2 |       |       |     2 ||     4
       Step From Time    |       |       |       |       |       |       |     1 |     2 |     1 ||     4
Evoke: Wand              |       |       |       |     1 |       |     4 |       |    14 |    23 ||    42
  Use: Scroll            |     8 |     1 |     7 |     7 |    12 |    13 |    21 |    21 |    24 ||   114
       Potion            |       |     1 |     7 |       |     6 |     3 |     4 |     6 |    13 ||    40
 Stab: Sleeping          |       |       |       |     8 |     4 |    16 |    27 |    17 |    28 ||   100
       Invisible         |       |       |       |       |     5 |       |     3 |       |       ||     8
       Distracted        |       |       |       |       |       |     2 |    11 |     1 |     9 ||    23
       Confused          |       |       |       |       |       |       |       |       |     8 ||     8
  Eat: Chunk             |     1 |     7 |     6 |     8 |     7 |     4 |     4 |     4 |    14 ||    55
       Ration            |       |       |     1 |       |     4 |     7 |     5 |     4 |     5 ||    26
Armor: Scale mail        |    36 |    35 |    40 |       |       |       |    34 |       |       ||   145
       Plate armour      |       |       |    77 |    67 |    74 |       |       |       |       ||   218
       Leather armour    |       |       |       |    16 |       |       |       |       |       ||    16
       Chain mail        |       |       |       |       |    43 |   251 |    12 |       |       ||   306
       Quicksilver drago |       |       |       |       |     1 |       |       |       |       ||     1
       Fire dragon scale |       |       |       |       |       |       |    71 |   210 |   504 ||   785
       Skin              |       |       |       |       |       |       |       |       |     3 ||     3
Dodge: Dodged            |    30 |    34 |   102 |   157 |   321 |   778 |   442 |   581 |  1169 ||  3614
Block: Shield            |    55 |    75 |   262 |   432 |   604 |  1591 |   883 |    71 |       ||  3973
       Reflection        |       |       |     6 |    35 |    27 |    39 |    85 |    97 |    23 ||   312
       Large shield      |       |       |       |       |       |       |       |  1337 |  2577 ||  3914
       Rpst.: Demon blade |       |       |       |    46 |    61 |   193 |   165 |   170 |   251 ||   886
       Scimitar          |       |       |       |       |     6 |       |       |       |       ||     6
       Rapier            |       |       |       |       |       |    36 |       |       |       ||    36
       Morningstar       |       |       |       |       |       |       |       |       |    15 ||    15

Table legend:
 A = Non-vault XP
 B = Vault XP
 C = Vault XP percentage of total XP
 D = Non-vault monster count
 E = Vault monster count
 F = Vault count percentage of total count
                 A         B        C        D         E       F
            +---------+---------+-------+---------+---------+-------
      Total |  872282 |  783890 |  47.3 |    1677 |     943 |  36.0
            +---------+---------+-------+---------+---------+-------
        D:1 |      40 |       0 |   0.0 |      22 |       0 |   0.0
        D:2 |     112 |       0 |   0.0 |      20 |       0 |   0.0
        D:3 |      57 |      15 |  20.8 |      21 |       9 |  30.0
        D:4 |     256 |     571 |  69.0 |      23 |       7 |  23.3
        D:5 |     706 |       0 |   0.0 |      31 |       0 |   0.0
        D:6 |    1281 |     832 |  39.4 |      29 |      11 |  27.5
        D:7 |    1218 |       0 |   0.0 |      23 |       0 |   0.0
        D:8 |    1015 |     585 |  36.6 |      32 |       3 |   8.6
        D:9 |    2292 |    1348 |  37.0 |      23 |       8 |  25.8
       D:10 |    4618 |    1004 |  17.9 |      37 |       1 |   2.6
       D:11 |    4974 |    2805 |  36.1 |      43 |      22 |  33.8
       D:12 |    5198 |    4169 |  44.5 |      27 |      13 |  32.5
       D:13 |    5386 |   16081 |  74.9 |      30 |      40 |  57.1
       D:14 |    5137 |    2143 |  29.4 |      17 |       2 |  10.5
       D:15 |    9297 |    3217 |  25.7 |      29 |       5 |  14.7
     Lair:1 |    2641 |     970 |  26.9 |      12 |       3 |  20.0
     Lair:2 |    3190 |      88 |   2.7 |      12 |       1 |   7.7
     Lair:3 |    4993 |    2203 |  30.6 |      14 |       1 |   6.7
     Lair:4 |    5288 |     355 |   6.3 |      19 |       1 |   5.0
     Lair:5 |    4556 |     665 |  12.7 |      17 |       7 |  29.2
     Lair:6 |    9385 |    8812 |  48.4 |      37 |      45 |  54.9
   Shoals:1 |   15629 |       0 |   0.0 |      28 |       0 |   0.0
   Shoals:2 |    3711 |       0 |   0.0 |       8 |       0 |   0.0
   Shoals:3 |    7462 |    3904 |  34.3 |      15 |      12 |  44.4
   Shoals:4 |    5021 |   20152 |  80.1 |      13 |      30 |  69.8
   Spider:1 |    4092 |   13589 |  76.9 |      14 |      28 |  66.7
   Spider:2 |   13700 |    2575 |  15.8 |      38 |      27 |  41.5
   Spider:3 |   15673 |    4243 |  21.3 |      43 |       1 |   2.3
   Spider:4 |   23080 |   27286 |  54.2 |      66 |      43 |  39.4
      Orc:1 |    6946 |    1766 |  20.3 |      72 |      17 |  19.1
      Orc:2 |    3765 |   10485 |  73.6 |      38 |      29 |  43.3
      Elf:1 |   14806 |    8803 |  37.3 |      24 |      16 |  40.0
      Elf:2 |   13403 |   25371 |  65.4 |      28 |      32 |  53.3
      Elf:3 |   11534 |   44247 |  79.3 |      18 |      33 |  64.7
   Vaults:1 |   36706 |   60760 |  62.3 |      75 |      58 |  43.6
   Vaults:2 |   25135 |   40847 |  61.9 |      67 |      63 |  48.5
   Vaults:3 |   37194 |   11039 |  22.9 |      60 |      10 |  14.3
   Vaults:4 |   34956 |   35503 |  50.4 |      61 |      36 |  37.1
   Vaults:5 |   40143 |  118119 |  74.6 |      53 |      81 |  60.4
   Depths:1 |   31640 |   13930 |  30.6 |      50 |       8 |  13.8
   Depths:2 |   13324 |   41405 |  75.7 |      17 |      21 |  55.3
   Depths:3 |       0 |   59203 | 100.0 |       0 |     114 | 100.0
   Depths:4 |   30691 |   31371 |  50.5 |      33 |      21 |  38.9
   Depths:5 |   79341 |   30882 |  28.0 |      66 |      22 |  25.0
      Zot:1 |   72292 |       0 |   0.0 |      46 |       0 |   0.0
      Zot:2 |   52200 |       0 |   0.0 |      26 |       0 |   0.0
      Zot:3 |   44243 |       0 |   0.0 |      29 |       0 |   0.0
      Zot:4 |   36003 |    6681 |  15.7 |      16 |       3 |  15.8
      Zot:5 |   35496 |  109179 |  75.5 |      25 |      25 |  50.0
    Abyss:2 |   21358 |       0 |   0.0 |      24 |       0 |   0.0
    Abyss:3 |   17755 |       0 |   0.0 |      34 |       0 |   0.0
    Abyss:4 |   11290 |     394 |   3.4 |      18 |       2 |  10.0
      Zig:1 |    1064 |       0 |   0.0 |       1 |       0 |   0.0
      Zig:2 |    1912 |       0 |   0.0 |       5 |       0 |   0.0
      Zig:3 |    1191 |       0 |   0.0 |       4 |       0 |   0.0
      Zig:4 |    4764 |       0 |   0.0 |       5 |       0 |   0.0
      Zig:5 |    5252 |       0 |   0.0 |       8 |       0 |   0.0
      Zig:6 |    9462 |       0 |   0.0 |       7 |       0 |   0.0
      Zig:7 |    2065 |       0 |   0.0 |      11 |       0 |   0.0
      Zig:8 |   11265 |       0 |   0.0 |      10 |       0 |   0.0
      Zig:9 |    5078 |       0 |   0.0 |       3 |       0 |   0.0
      IceCv |       0 |    2764 | 100.0 |       0 |      10 | 100.0
    Volcano |       0 |    7475 | 100.0 |       0 |       8 | 100.0
   Gauntlet |       0 |    6054 | 100.0 |       0 |      14 | 100.0
            +---------+---------+-------+---------+---------+-------
